SNL (28 & UNDER)
NEW HAMPSHIRE FISHER CATS @ BLACKIRON DRAGONS
05/17/2023
 
TOP OF THE 1ST
New Hampshire Fisher Cats batting - Pitching for BlackIron Dragons : LHP Pedro Valdés
Pitching: LHP Pedro Valdés
Batting: RHB Anthony Hezell 0-0: Ground out 4-3 (Groundball, 4)
Batting: LHB Sam Barnes 0-0: Ball
1-0: Called Strike
1-1: Ball
2-1: Ball
3-1: Ground out 4-3 (Groundball, 4)
Batting: RHB José Hernández 0-0: Foul Ball, location: 2F
0-1: Swinging Strike
0-2: Ball
1-2: Foul Ball, location: 2F
1-2: Ball
2-2: Ball
3-2: Base on Balls
Batting: RHB Jim Tracy 0-0: Ball
José Hernández steals 2nd base
1-0: Ball
2-0: Swinging Strike
2-1: Foul Ball, location: 2F
2-2: Ball
3-2: Foul Ball, location: 2F
3-2: Fly out, F4 (Line Drive, 4)
Top of the 1st over - 0 run(s), 0 hit(s), 0 error(s), 1 left on base; New Hampshire 0 - BlackIron 0
BOTTOM OF THE 1ST
BlackIron Dragons batting - Pitching for New Hampshire Fisher Cats : RHP Grady Connolly
Pitching: RHP Grady Connolly
Batting: RHB Dallas Blair 0-0: Foul Ball, location: 2F
0-1: Ball
1-1: Called Strike
1-2: Ground out 2-3 (Groundball, 2R)
Batting: LHB Brian Roy 0-0: Ball
1-0: Fly out, F9 (Flyball, 89S)
Batting: RHB Robert Buckley 0-0: Ball
1-0: Ball
2-0: Called Strike
2-1: Called Strike
2-2: Strikes out swinging
Bottom of the 1st over - 0 run(s), 0 hit(s), 0 error(s), 0 left on base; New Hampshire 0 - BlackIron 0
TOP OF THE 2ND
New Hampshire Fisher Cats batting - Pitching for BlackIron Dragons : LHP Pedro Valdés
Batting: RHB Phil Matthews 0-0: Called Strike
0-1: Fly out, F8 (Flyball, 8LM)
Batting: RHB Brad French 0-0: Foul Ball, location: 2F
0-1: Ball
1-1: Foul Ball, location: 2F
1-2: Fly out, F9 (Flyball, 9S)
Batting: RHB Júlio Trinidad 0-0: Called Strike
0-1: SOLO HOME RUN (Flyball, 78XD), Distance : 407 ft
Batting: RHB Roberto Peña 0-0: Called Strike
0-1: Ball
1-1: Ball
2-1: Foul Ball, location: 2F
2-2: Ground out 2-3 (Groundball, 23)
Top of the 2nd over - 1 run(s), 1 hit(s), 0 error(s), 0 left on base; New Hampshire 1 - BlackIron 0
BOTTOM OF THE 2ND
BlackIron Dragons batting - Pitching for New Hampshire Fisher Cats : RHP Grady Connolly
Batting: RHB Jonah Duncan 0-0: Foul Ball, location: 2F
0-1: Ground out 5-3 (Groundball, 56)
Batting: RHB Edgardo Carrasco 0-0: Called Strike
0-1: Ground out U3 (Groundball, 3L)
Batting: RHB José Colón 0-0: Called Strike
0-1: Foul Ball, location: 2F
0-2: Strikes out swinging
Bottom of the 2nd over - 0 run(s), 0 hit(s), 0 error(s), 0 left on base; New Hampshire 1 - BlackIron 0
TOP OF THE 3RD
New Hampshire Fisher Cats batting - Pitching for BlackIron Dragons : LHP Pedro Valdés
Batting: RHB Matt Silver 0-0: Ball
1-0: Ball
2-0: Foul Ball, location: 2F
2-1: Ground out 5-3 (Groundball, 5)
Batting: RHB Anthony Hezell 0-0: Foul Ball, location: 2F
0-1: Ball
1-1: Foul Ball, location: 2F
1-2: Ball
2-2: Strikes out looking
Batting: LHB Sam Barnes 0-0: Foul Ball, location: 2F
0-1: Called Strike
0-2: Foul Ball, location: 2F
0-2: Strikes out swinging
Top of the 3rd over - 0 run(s), 0 hit(s), 0 error(s), 0 left on base; New Hampshire 1 - BlackIron 0
BOTTOM OF THE 3RD
BlackIron Dragons batting - Pitching for New Hampshire Fisher Cats : RHP Grady Connolly
Batting: RHB Ed Sims 0-0: Bunt for hit - play at first, batter safe!
Batting: RHB Joaquín Rosales 0-0: Ball
1-0: Swinging Strike
1-1: Ball
2-1: Ball
3-1: Called Strike
3-2: Strikes out looking
Batting: RHB Boyd Pittman 0-0: Ball
1-0: Ball
2-0: Called Strike
2-1: Called Strike
2-2: Ball
3-2: DOUBLE (Flyball, 89M)
Ed Sims to third
Runner from 3rd tries for Home, SAFE, throw made home
Batting: RHB Dallas Blair 0-0: Called Strike
0-1: Swinging Strike
0-2: Ball
1-2: Strikes out swinging
Batting: LHB Brian Roy 0-0: Foul Ball, location: 2F
0-1: Ball
1-1: Ball
2-1: Fly out, F5 (Popup, 5F)
Bottom of the 3rd over - 1 run(s), 2 hit(s), 0 error(s), 1 left on base; New Hampshire 1 - BlackIron 1
TOP OF THE 4TH
New Hampshire Fisher Cats batting - Pitching for BlackIron Dragons : LHP Pedro Valdés
Batting: RHB José Hernández 0-0: Foul Ball, location: 2F
0-1: SINGLE (Groundball, 56)
Batting: RHB Jim Tracy 0-0: Ball
1-0: Ball
2-0: Ball
3-0: Base on Balls
José Hernández to second
Batting: RHB Phil Matthews 0-0: Ball
1-0: Swinging Strike
1-1: Ball
2-1: Ball
3-1: Foul Ball, location: 2F
3-2: Grounds into double play, 6-4-3 (Groundball, 6)
José Hernández to third
Batting: RHB Brad French 0-0: Swinging Strike
0-1: Called Strike
0-2: Strikes out swinging
Top of the 4th over - 0 run(s), 1 hit(s), 0 error(s), 1 left on base; New Hampshire 1 - BlackIron 1
BOTTOM OF THE 4TH
BlackIron Dragons batting - Pitching for New Hampshire Fisher Cats : RHP Grady Connolly
Batting: RHB Robert Buckley 0-0: Ball
1-0: Ball
2-0: Called Strike
2-1: Ball
3-1: Foul Ball, location: 2F
3-2: Base on Balls
Batting: RHB Jonah Duncan 0-0: Ball
1-0: Ball
2-0: Ball
3-0: Base on Balls
Robert Buckley to second
Batting: RHB Edgardo Carrasco 0-0: Swinging Strike
0-1: Swinging Strike
0-2: Ball
1-2: Grounds into double play, 4-6-3 (Groundball, 34)
Robert Buckley to third
Batting: RHB José Colón 0-0: SINGLE (Line Drive, 56)
Robert Buckley scores
Batting: RHB Ed Sims 0-0: 2-RUN HOME RUN (Flyball, 7D), Distance : 406 ft
Batting: RHB Joaquín Rosales 0-0: Foul Ball, location: 2F
0-1: Fly out, F9 (Flyball, 9S)
Bottom of the 4th over - 3 run(s), 2 hit(s), 0 error(s), 0 left on base; New Hampshire 1 - BlackIron 4
TOP OF THE 5TH
New Hampshire Fisher Cats batting - Pitching for BlackIron Dragons : LHP Pedro Valdés
Batting: RHB Júlio Trinidad 0-0: Fly out, F9 (Flyball, 9M)
Batting: RHB Roberto Peña 0-0: Called Strike
0-1: Ball
1-1: Ball
2-1: Foul Ball, location: 2F
2-2: Fly out, F6 (Line Drive, 6)
Batting: RHB Matt Silver 0-0: Foul Ball, location: 2F
0-1: SINGLE (Line Drive, 78S)
Batting: RHB Anthony Hezell 0-0: Ball
1-0: Ball
2-0: Ball
3-0: Called Strike
3-1: Fly out, F8 (Flyball, 8RS)
Top of the 5th over - 0 run(s), 1 hit(s), 0 error(s), 1 left on base; New Hampshire 1 - BlackIron 4
BOTTOM OF THE 5TH
BlackIron Dragons batting - Pitching for New Hampshire Fisher Cats : RHP Grady Connolly
Batting: RHB Boyd Pittman 0-0: Called Strike
0-1: Foul Ball, location: 2F
0-2: Ball
1-2: Fly out, F8 (Flyball, 8RM)
Batting: RHB Dallas Blair 0-0: Ball
1-0: Ball
2-0: Foul Ball, location: 2F
2-1: Foul Ball, location: 2F
2-2: Strikes out swinging
Batting: LHB Brian Roy 0-0: Ball
1-0: Called Strike
1-1: Ball
2-1: Ground out 4-3 (Groundball, 4)
Bottom of the 5th over - 0 run(s), 0 hit(s), 0 error(s), 0 left on base; New Hampshire 1 - BlackIron 4
TOP OF THE 6TH
New Hampshire Fisher Cats batting - Pitching for BlackIron Dragons : LHP Pedro Valdés
Batting: LHB Sam Barnes 0-0: Called Strike
0-1: Ball
1-1: Ball
2-1: Ball
3-1: Swinging Strike
3-2: Foul Ball, location: 2F
3-2: Base on Balls
Batting: RHB José Hernández 0-0: Ball
1-0: Foul Ball, location: 2F
1-1: Ball
2-1: Ball
3-1: Base on Balls
Sam Barnes to second
Batting: RHB Jim Tracy 0-0: Ball
1-0: Called Strike
1-1: Foul Ball, location: 2F
1-2: Ball
2-2: Ball
3-2: Foul Ball, location: 2F
3-2: Foul Ball, location: 2F
3-2: Grounds into double play, 6-4-3 (Groundball, 6M)
Sam Barnes to third
Batting: RHB Phil Matthews 0-0: Fly out, F3 (Popup, 4)
Top of the 6th over - 0 run(s), 0 hit(s), 0 error(s), 1 left on base; New Hampshire 1 - BlackIron 4
BOTTOM OF THE 6TH
BlackIron Dragons batting - Pitching for New Hampshire Fisher Cats : RHP Grady Connolly
Batting: RHB Robert Buckley 0-0: Ball
1-0: Ground out 5-3 (Groundball, 5)
Batting: RHB Jonah Duncan 0-0: Ball
1-0: Called Strike
1-1: Ball
2-1: Ground out 6-3 (Groundball, 6S)
Batting: RHB Edgardo Carrasco 0-0: Called Strike
0-1: Called Strike
0-2: Ball
1-2: SINGLE (Groundball, 56D) (infield hit)
Pitching: LHP Juan Arce
Batting: RHB José Colón 0-0: Called Strike
0-1: Ground out 5-3 (Groundball, 5L)
Bottom of the 6th over - 0 run(s), 1 hit(s), 0 error(s), 1 left on base; New Hampshire 1 - BlackIron 4
TOP OF THE 7TH
New Hampshire Fisher Cats batting - Pitching for BlackIron Dragons : LHP Pedro Valdés
Pitching: LHP Manny Luján
Batting: RHB Brad French 0-0: Called Strike
0-1: Swinging Strike
0-2: Strikes out swinging
Batting: RHB Júlio Trinidad 0-0: Ball
1-0: Ball
2-0: Foul Ball, location: 2F
2-1: Ball
3-1: Fly out, F6 (Popup, 6M)
Batting: RHB Roberto Peña 0-0: Ball
1-0: Foul Ball, location: 2F
1-1: Swinging Strike
1-2: Ball
2-2: Ball
3-2: Base on Balls
Batting: RHB Matt Silver 0-0: Swinging Strike
0-1: Ball
1-1: Ball
2-1: Foul Ball, location: 2F
2-2: Foul Ball, location: 2F
2-2: Strikes out looking
Top of the 7th over - 0 run(s), 0 hit(s), 0 error(s), 1 left on base; New Hampshire 1 - BlackIron 4
BOTTOM OF THE 7TH
BlackIron Dragons batting - Pitching for New Hampshire Fisher Cats : LHP Juan Arce
Batting: RHB Ed Sims 0-0: Foul Ball, location: 2F
0-1: Foul Ball, location: 2F
0-2: Ball
1-2: Foul Ball, location: 2F
1-2: Ball
2-2: Ball
3-2: DOUBLE (Line Drive, 9LM)
Batting: RHB Joaquín Rosales 0-0: Called Strike
0-1: Sac Bunt - play at first, batter OUT! 1-4
Ed Sims to third
Batting: RHB Boyd Pittman 0-0: Ball
1-0: Called Strike
1-1: Called Strike
1-2: Ball
2-2: Ball
3-2: Foul Ball, location: 2F
3-2: Strikes out swinging
Batting: RHB Dallas Blair 0-0: Ball
1-0: Ball
2-0: Called Strike
2-1: Fly out, F3 (Popup, 34)
Bottom of the 7th over - 0 run(s), 1 hit(s), 0 error(s), 1 left on base; New Hampshire 1 - BlackIron 4
TOP OF THE 8TH
New Hampshire Fisher Cats batting - Pitching for BlackIron Dragons : LHP Manny Luján
Batting: RHB Anthony Hezell 0-0: Called Strike
0-1: Swinging Strike
0-2: Ball
1-2: Fly out, F4 (Popup, 4D)
Batting: LHB Sam Barnes 0-0: Fly out, F7 (Popup, 5D)
Batting: RHB José Hernández 0-0: Called Strike
0-1: Foul Ball, location: 2F
0-2: Ball
1-2: Foul Ball, location: 2F
1-2: Ball
2-2: Strikes out swinging
Top of the 8th over - 0 run(s), 0 hit(s), 0 error(s), 0 left on base; New Hampshire 1 - BlackIron 4
BOTTOM OF THE 8TH
BlackIron Dragons batting - Pitching for New Hampshire Fisher Cats : LHP Juan Arce
Pitching: RHP Ernesto Rivera
Batting: LHB Brian Roy 0-0: Called Strike
0-1: Ball
1-1: Ball
2-1: Ground out U3 (Groundball, 3L)
Batting: RHB Robert Buckley 0-0: Ball
1-0: Ball
2-0: Foul Ball, location: 2F
2-1: Ball
3-1: Base on Balls
Batting: RHB Jonah Duncan 0-0: Ball
1-0: Called Strike
1-1: Ball
2-1: Foul Ball, location: 2F
2-2: Strikes out looking
Batting: RHB Edgardo Carrasco 0-0: Ball
1-0: Swinging Strike
1-1: Called Strike
1-2: Ball
2-2: Foul Ball, location: 2F
2-2: Ball
3-2: Foul Ball, location: 2F
3-2: Foul Ball, location: 2F
3-2: Foul Ball, location: 2F
3-2: Strikes out swinging
Bottom of the 8th over - 0 run(s), 0 hit(s), 0 error(s), 1 left on base; New Hampshire 1 - BlackIron 4
TOP OF THE 9TH
New Hampshire Fisher Cats batting - Pitching for BlackIron Dragons : LHP Manny Luján
Pitching: RHP César Rúbio
Batting: RHB Jim Tracy 0-0: SOLO HOME RUN (Flyball, 7D), Distance : 405 ft
Batting: RHB Phil Matthews 0-0: Ball
1-0: Foul Ball, location: 2F
1-1: Foul Ball, location: 2F
1-2: Strikes out swinging
Batting: RHB Brad French 0-0: Foul Ball, location: 2F
0-1: Called Strike
0-2: Ball
1-2: Ball
2-2: Ball
3-2: Base on Balls
Pinch Hitting: LHB Gustavo Lozano 0-0: Ball
1-0: Swinging Strike
1-1: Ball
2-1: Swinging Strike
2-2: Strikes out swinging
Batting: RHB Roberto Peña 0-0: Foul Ball, location: 2F
0-1: Called Strike
0-2: Foul Ball, location: 2F
0-2: Ball
1-2: Foul Ball, location: 2F
1-2: Fly out, F8 (Flyball, 8LM)
Top of the 9th over - 1 run(s), 1 hit(s), 0 error(s), 1 left on base; New Hampshire 2 - BlackIron 4
This league is powered by Out of the Park Baseball, the baseball management simulation game for PC, Mac and Linux
Wednesday, December 2nd, 2015 - OOTP Baseball 16.8 Build 38